 Dungeon Crawl Stone Soup version 0.28-b1-25-g9875b3fc8c (webtiles) character file.

Game seed: 16891361726034694630

352 crazypyro the Chopper (level 6, -1/47 HPs)
             Began as a Demonspawn Abyssal Knight on Feb 1, 2022.
             Was a Believer of Lugonu.
             Slain by Crazy Yiuf (15 damage)
             ... on level 3 of the Dungeon.
             The game lasted 00:04:09 (3703 turns).

crazypyro the Chopper (Demonspawn Abyssal Knight)   Turns: 3703, Time: 00:04:11

Health: -1/47      AC:  4    Str: 15    XL:     6   Next: 34%
Magic:  8/8        EV: 11    Int: 12    God:    Lugonu [**....]
Gold:   203        SH: 12    Dex: 17    Spells: 5/5 levels left

rFire   . . .      SeeInvis .   a - +1 hand axe
rCold   . . .      Faith    .   g - +0 kite shield
rNeg    . . .      Spirit   .   b - +0 leather armour
rPois   .          Reflect  .   (no helmet)
rElec   .          Harm     .   (no cloak)
rCorr   .          Rampage  .   c - +0 pair of gloves
Will    .....                   (no boots)
Stlth   ++++......              (no amulet)
HPRegen 0.15/turn               (no ring)
MPRegen 0.11/turn               (no ring)

@: lethally poisoned (-1 -> -8)
A: thin skeletal structure 2, demonic guardian 1, condensation shield
a: Renounce Religion, Depart the Abyss, Bend Space


You were on level 3 of the Dungeon.
You worshipped Lugonu.
Lugonu was pleased with you.
You visited 1 branch of the dungeon, and saw 3 of its levels.
You visited the Abyss 1 time.

You collected 203 gold pieces.

Inventory:

Hand Weapons
 a - a +1 hand axe (weapon)
Armour
 b - a +0 leather armour (worn)
 c - a +0 pair of gloves (worn)
 g - a +0 kite shield (worn)
Jewellery
 m - an amulet of magic regeneration
Scrolls
 d - 3 scrolls of identify {unknown}
 e - 2 scrolls of magic mapping {unknown}
 i - a scroll of fog {unknown}
 j - a scroll of fear {unknown}
 k - a scroll of brand weapon {unknown}
 l - a scroll of acquirement {unknown}
 n - a scroll of blinking {unknown}
Potions
 f - a potion of heal wounds {unknown}
 h - a potion of brilliance {unknown}


   Skills:
 - Level 3.1 Fighting
 * Level 4.3 Axes
 - Level 2.0 Armour
 + Level 2.9 Dodging
 - Level 1.0 Stealth
 + Level 1.9 Shields
 - Level 3.0 Invocations


You had 5 spell levels left.
You didn't know any spells.
Your spell library was empty.

Dungeon Overview and Level Annotations

Branches:
Dungeon (3/15)

Altars:
Trog

Shops:
D:3 *

Annotations:
D:3 Crazy Yiuf


Innate Abilities, Weirdness & Mutations

You have a moderately thin skeletal structure. (Dex +4, Stealth++)
A weak demonic guardian rushes to your aid.
A meltable shield of frost defends you. (SH +4)


Message History

You open the door.
Crazy Yiuf says, "Goober!"
You hit Crazy Yiuf.
Crazy Yiuf is lightly wounded.
You block Crazy Yiuf's attack.
You hit Crazy Yiuf.
Crazy Yiuf is moderately wounded.
You block Crazy Yiuf's attack.
You hit Crazy Yiuf but do no damage.
Crazy Yiuf is moderately wounded.
Crazy Yiuf misses you.
You barely miss Crazy Yiuf.
Crazy Yiuf is moderately wounded.
Crazy Yiuf twirls on the spot.
You block Crazy Yiuf's attack. x2
You hit Crazy Yiuf.
Crazy Yiuf is heavily wounded.
Crazy Yiuf laughs, "Papa poople pontify!"
Crazy Yiuf hits you with a +4 quarterstaff of chaos!
You are poisoned.
You hit Crazy Yiuf.
Crazy Yiuf is severely wounded.
You feel very sick.
Crazy Yiuf cries, "Rot!"
Crazy Yiuf hits you but does no damage.
You are confused.
You hit Crazy Yiuf.
Crazy Yiuf is almost dead.
You feel less confused.
You feel very sick.
Crazy Yiuf hits you with a +4 quarterstaff of chaos!
Crazy Yiuf draws strength from your wounds!
You hit Crazy Yiuf but do no damage.
Crazy Yiuf is heavily wounded.
You feel very sick.
Crazy Yiuf sings, "Trees, trees, trees, circus!"
Crazy Yiuf hits you with a +4 quarterstaff of chaos.
* * * LOW HITPOINT WARNING * * *
You are electrocuted!
You die...

##### #...## #....####
#.....#P≈
♣♣♣♣♣##....P≈≈≈ ###
♣♣♣.♣...+.....≈♣≈
#...#♣..♣.........#P.≈
#...g@♣♣♣♣.......##...
#)..#♣♣ ♣♣..+..##....
### ♣♣###.##....
#.##.PPP #.##.PP≈
#.##PP≈≈ #.##P≈≈♣
#.##.P≈≈ #.##PPP≈


You could see Crazy Yiuf.

Vanquished Creatures
  Grinder (D:3)
  An orc priest (D:3)
  A hound (D:3)
  2 adders
  An ufetubus (D:3)
  A worm (D:2)
  2 dart slugs (D:2)
  3 orcs (D:3)
  7 ball pythons
  7 bats
  4 endoplasms
  5 hobgoblins
  13 jackals (D:1)
  6 quokkas
  6 frilled lizards
  A goblin (D:2)
  2 kobolds
  6 rats
69 creatures vanquished.

Vanquished Creatures (collateral kills)
  An adder (D:1)
  A worm (D:1)
  A giant cockroach (D:2)
  A quokka (D:2)
4 creatures vanquished.

Vanquished Creatures (others)
  A fungus (D:3)
  7 plants (D:3)
8 creatures vanquished.

Grand Total: 81 creatures vanquished

Notes
Turn   | Place    | Note
-------+----------+-------------------------------------------
     0 | Abyss:1  | crazypyro the Demonspawn Abyssal Knight began the quest for
                  | the Orb.
     0 | Abyss:1  | Reached XP level 1. HP: 18/18 MP: 2/2
     0 | D:1      | Escaped the Abyss
    64 | D:1      | Reached skill level 1 in Dodging
   143 | D:1      | Gained mutation: A weak demonic guardian rushes to your
                  | aid. [demonic ancestry]
   143 | D:1      | Reached XP level 2. HP: 15/24 MP: 4/4
   335 | D:1      | Reached skill level 2 in Axes
   371 | D:1      | Reached * piety under Lugonu
   816 | D:1      | Gained mutation: You have a somewhat thin skeletal
                  | structure. (Dex +2, Stealth+) [demonic ancestry]
   816 | D:1      | Reached XP level 3. HP: 27/29 MP: 5/5
  1291 | D:2      | Reached ** piety under Lugonu
  1434 | D:2      | Reached XP level 4. HP: 34/35 MP: 6/6
  1552 | D:2      | Reached skill level 1 in Stealth
  1813 | D:2      | Reached skill level 3 in Axes
  2435 | D:3      | Found a bloodstained altar of Trog.
  2474 | D:3      | Gained mutation: You have a moderately thin skeletal
                  | structure. (Dex +4, Stealth++) [demonic ancestry]
  2474 | D:3      | Reached XP level 5. HP: 18/41 MP: 7/7
  2847 | D:3      | Reached skill level 1 in Shields
  2975 | D:3      | Found Virroq's General Store.
  3006 | D:3      | Noticed Grinder
  3037 | D:3      | Killed Grinder
  3038 | D:3      | Reached skill level 4 in Axes
  3038 | D:3      | Gained mutation: A meltable shield of frost defends you.
                  | (SH +4) [demonic ancestry]
  3038 | D:3      | Reached XP level 6. HP: 32/47 MP: 8/8
  3191 | D:3      | Found a faded altar of an unknown god.
  3634 | D:3      | Found a runed translucent door.
  3635 | D:3      | Noticed Crazy Yiuf
  3703 | D:3      | Slain by Crazy Yiuf

Illustrated notes

Levels and vault maps discovered:
D:1:      ncdulo_lavacross, layout_basic, minmay_stone_trees_medium,
          st_stairs_13, minmay_misc_feat_iff, dk_noncrumbling_4, minmay_unequal
D:2:      layout_rooms, st_stairs_11
D:3:      layout_loops_ring, mainiacjoe_overflow_surrounded_room,
          dreamdust_ecumenical_altar_grove, serial_bayou, serial_bayou_lagoon_a,
          serial_bayou_shore_b, serial_bayou_shore_a, serial_bayou_shore_b,
          serial_bayou_pond_d, serial_shops, nicolae_square_shop,
          uniq_crazy_yiuf_cottage, uniq_grinder

Skill      XL: |  1  2  3  4  5 |
---------------+----------------+-----
Dodging        | 1 2 |  2.9
Armour         | 2 |  2.0
Axes           | 2 3 4 |  4.3
Invocations    | 3 |  3.0
Stealth        | 1 |  1.0
Shields        | 1 |  1.9
Fighting       | |  3.1

Action                   |  1- 3 |  4- 6 || total
-------------------------+-------+-------++-------
Melee: Hand axe          |   115 |   118 ||   233
       Punch             |     1 |     1 ||     2
       Unarmed           |       |    13 ||    13
Invok: Depart the Abyss  |     1 |       ||     1
 Stab: Sleeping          |     4 |     8 ||    12
Armor: Leather armour    |    59 |    28 ||    87
       Skin              |       |     2 ||     2
Dodge: Dodged            |   104 |    55 ||   159
Block: Kite shield       |       |    44 ||    44
